 Dungeon Crawl Stone Soup version 0.31-a0-986-g5e6e4ef867 (webtiles) character file.

Game seed: 640461068163264596

118 Dittersdorf the Shield-Bearer (level 5, -18/42 HPs)
             Began as a Human Fighter on Nov 8, 2023.
             Demolished by a gnoll
             ... wielding a +2 heavy halberd
              (22 damage)
             ... on level 2 of the Dungeon.
             The game lasted 00:02:40 (2014 turns).

Dittersdorf the Shield-Bearer (Human Fighter)       Turns: 2014, Time: 00:02:40

Health: -18/42     AC:  7    Str: 18    XL:     5   Next: 23%
Magic:  5/5        EV:  9    Int:  9    God:
Gold:   101        SH:  4    Dex: 12    Spells: 4/4 levels left

rFire   . . .        a - +0 long sword
rCold   . . .        c - +0 buckler
rNeg    . . .        b - +0 scale mail
rPois   .            (no helmet)
rElec   .            (no cloak)
rCorr   .            (no gloves)
SInv    .            (no boots)
Will    .....        (no amulet) Stlth
                     (no ring)
HPRegen 0.27/turn    (no ring)
MPRegen 0.09/turn

%: no passive effects
@: no status effects
A: no striking features
a: no special abilities


You were on level 2 of the Dungeon.
You visited 1 branch of the dungeon, and saw 3 of its levels.

You collected 101 gold pieces.

Inventory:

Hand Weapons
 a - a +0 long sword (weapon)
Missiles
 h - 12 poisoned darts (quivered)
Armour
 b - a +0 scale mail (worn)
 c - a +0 buckler (worn)
Scrolls
 f - a scroll of enchant armour {unknown}
 g - a scroll of vulnerability {unknown}
 i - a scroll of fog {unknown}
 k - a scroll of identify {unknown}
 l - a scroll of enchant weapon {unknown}
 m - a scroll of silence {unknown}
Potions
 d - a potion of might
 e - a potion of lignification {unknown}
 j - 2 potions of brilliance {unknown}


   Skills:
 + Level 3.7 Fighting
 + Level 3.0 Long Blades
 + Level 3.7 Armour
 + Level 3.8 Shields


You had 4 spell levels left.
You didn't know any spells.
Your spell library contained the following spells:

 Spells                   Type           Power      Damage    Failure   Level
 Magic Dart               Conj           0%         1d3       85%         1
 Shock                    Conj/Air       0%         1d3       85%         1
 Call Imp                 Summ           0%         N/A       94%         2
 Mephitic Cloud           Conj/Pois/Air  0%         N/A       99%         3
 Swiftness                Air            0%         N/A       99%         3
 Airstrike                Air            0%         2d(0-16)  100%        4
 Summon Forest            Summ/Tloc      0%         N/A       100%        5
 Summon Mana Viper        Hex/Summ       0%         N/A       100%        5
 Summon Cactus Giant      Summ           0%         N/A       100%        6


Dungeon Overview and Level Annotations

Branches:
Dungeon (3/15)

Altars:

Annotations:
D:3 1 transporter, XomNomNom's ghost, amateur DsMo


Message History

No target in view!
Found 3 stones.
A gnoll comes into view. It is wielding a +2 heavy halberd.
The gnoll shouts!
A gnoll comes into view. It is wielding a +0 club.
The gnoll shouts!
You hear a shout!
A gnoll comes into view. It is wielding a +0 flail.
Found 11 gold pieces.
Found an escape hatch in the floor.
The gnoll shouts!
There is a stone staircase leading up here.
You see here a quokka skeleton.
The gnoll hits you with a +2 heavy halberd!!
There is a stone staircase leading up, spattered with blood here.
You climb upwards.
There is a stone staircase leading down here.
You hit the gnoll.
The gnoll is lightly wounded.
The gnoll hits you with a +2 heavy halberd!
* * * LOW HITPOINT WARNING * * *
You hit the gnoll but do no damage.
The gnoll is lightly wounded.
The gnoll closely misses you.
You barely miss the gnoll.
The gnoll is lightly wounded.
The gnoll hits you but does no damage.
You barely miss the gnoll.
The gnoll is lightly wounded.
The gnoll hits you with a +2 heavy halberd!
* * * LOW HITPOINT WARNING * * *
You hit the gnoll but do no damage.
The gnoll is lightly wounded.
The gnoll closely misses you.
You closely miss the gnoll.
The gnoll is lightly wounded.
The gnoll misses you.
You hit the gnoll.
The gnoll is lightly wounded.
The gnoll hits you with a +2 heavy halberd!!
Ouch! That really hurt!
You die...

#.# #.# # #.#
###########.# # #.#
#.........#.# # #.#
#.#######.#.###### #.#
#.# ###'#.##.... #.#
#[#####.....##.... #.#
#.#.........##.... #.#
#g#.....[.........
#.#####@................
#.......#.###.....##....
#######'#+#######.##....
#..........####.##....
#...............##....
#..........#######....
#..........# #....
#..........# #####
#..........# #...


You could see a gnoll.

Vanquished Creatures
  Terence (D:2)
  Jessica (D:2)
  3 adders
  5 endoplasms
  A giant cockroach (D:2)
  3 hobgoblins
  6 jackals
  3 kobolds
  A quokka (D:3)
  4 ball pythons
  2 bats
  2 frilled lizards
  3 goblins
  4 rats (D:1)
39 creatures vanquished.

Notes
Turn   | Place    | Note
-------+----------+-------------------------------------------
     0 | D:1      | Dittersdorf the Human Fighter began the quest for the Orb.
     0 | D:1      | Reached XP level 1. HP: 18/18 MP: 1/1
   168 | D:1      | Reached XP level 2. HP: 14/24 MP: 2/2
   969 | D:2      | Reached XP level 3. HP: 28/29 MP: 3/3
  1227 | D:2      | Noticed Jessica
  1236 | D:2      | Killed Jessica
  1237 | D:2      | Reached XP level 4. HP: 33/35 MP: 4/4
  1267 | D:2      | Noticed Terence
  1295 | D:2      | Killed Terence
  1521 | D:2      | Reached XP level 5. HP: 38/42 MP: 5/5
  1782 | D:3      | Identified the of Fomebbom
  1782 | D:3      | Found a transporter.
  1798 | D:3      | Noticed XomNomNom's ghost (amateur DsMo)
  2014 | D:2      | Demolished by a gnoll

Illustrated notes

Levels and vault maps discovered:
D:1:      lightli_molten_gateway, layout_basic, minivault_19
D:2:      layout_basic, uniq_jessica, uniq_terence
D:3:      layout_loops_ring, gammafunk_ghost_gnarly_gnolls

Skill      XL: |  1  2  3  4  5 |
---------------+----------------+-----
Long Blades    | 3 |  3.0
Fighting       | |  3.7
Armour         | |  3.7
Shields        | |  3.8

Action                     |  1- 3 |  4- 6 || total
---------------------------+-------+-------++-------
  Melee: Long sword        |    88 |    52 ||   140
 Armour: Scale mail        |    77 |    29 ||   106
  Dodge: Dodged            |    41 |    24 ||    65
  Block: Buckler           |    15 |    13 ||    28

Table legend: (Time is in decaauts)
 A = Elapsed time spent in this place.
 B = Non-inter-level travel time spent in this place.
 C = Inter-level travel time spent in this place.
 D = Time resting spent in this place.
 E = Time spent auto-exploring this place.
 F = Levels seen in this place.
 G = Mean time per level.
                   A        B        C        D        E       F      G
               +--------+--------+--------+--------+--------+-----+--------+
         Total |   2058 |   1964 |     94 |    125 |   1452 |   3 |  686.0 |
       Dungeon |   2058 |   1964 |     94 |    125 |   1452 |   3 |  686.0 |
               +--------+--------+--------+--------+--------+-----+--------+

Top non-repeatable levels by time:
     D:1: 954 daAuts
     D:2: 873 daAuts
     D:3: 230 daAuts
